 Dungeon Crawl Stone Soup version 0.30.0-29-ga12c61a403 (webtiles) character file.

Game seed: 4337997245756472653

6192 AgateBread the Missionary (level 10, 0/139 HPs)
             Began as a Hill Orc Fighter on June 24, 2023.
             Was a Priest of Beogh.
             Slain by a troll (4 damage)
             ... on level 1 of the Orcish Mines.
             The game lasted 00:44:57 (8471 turns).

AgateBread the Missionary (Hill Orc Fighter)        Turns: 8471, Time: 00:44:58

Health: 0/139      AC: 25    Str: 30    XL:     10   Next: 91%
Magic:  20/21      EV:  2    Int:  8    God:    Beogh [***...]
Gold:   610        SH:  6    Dex: 16    Spells: 9/9 levels left

rFire   . . .        q - +8 trident of the Octopus King {venom, rElec rPois}
rCold   + . .        c - +1 buckler
rNeg    + . .        P - melded +0 plate armour
rPois   +            s - melded +0 helmet
rElec   +            (cloak currently unavailable)
rCorr   .            x - melded +0 pair of gloves
SInv    +            (boots currently unavailable)
Will    .....        (no amulet)
Stlth   +            r - +6 ring of strength
HPRegen 0.43/turn    R - ring "Suepp" {rC+ rN+ Dex+6 SInv}
MPRegen 0.17/turn

%: no passive effects
@: tree-form, hasted, studying Invocations, very quick
A: stationary, stasis, torment immunity, boosted hp
a: Renounce Religion, Smiting


You were on level 1 of the Orcish Mines.
You worshipped Beogh.
Beogh was most pleased with you.
You were a tree.
You visited 2 branches of the dungeon, and saw 10 of its levels.
You also visited: Bailey.

You collected 610 gold pieces.

Inventory:

Hand Weapons
 a - a +0 war axe
 q - the +8 trident of the Octopus King (weapon) {venom, rElec rPois}
   (You found it on level 2 of the Dungeon)

   rElec:     It insulates you from electricity.
   rPois:     It protects you from poison.
 B - a +0 morningstar
 C - a +0 scimitar of holy wrath
 D - a +0 great mace
 Q - a +2 battleaxe
Missiles
 j - 34 poisoned darts
 G - 26 boomerangs (quivered)
Armour
 b - a +0 scale mail
 c - a +1 buckler (worn)
 s - a +0 helmet (melded)
 t - a +0 chain mail
 x - a +0 pair of gloves (melded)
 P - a +0 plate armour (melded)
Magical Staves
 f - a staff of poison
 o - a staff of cold
Jewellery
 r - a +6 ring of strength (left branch)
 u - an amulet of magic regeneration
 J - an amulet of regeneration
 O - a ring of resist corrosion
 R - the ring "Suepp" (right branch) {rC+ rN+ Dex+6 SInv}
   (You acquired it in a bailey)

   [ring of dexterity]

   Dex:       It affects your dexterity (+6).
   rC:        It protects you from cold.
   rN:        It protects you from negative energy.
   SInv:      It lets you see invisible.
Wands
 n - a wand of charming (14)
 v - a wand of polymorph (3)
 M - a wand of flame (3)
Scrolls
 e - a scroll of torment
 g - 3 scrolls of immolation
 i - a scroll of enchant armour
 m - 2 scrolls of amnesia
 p - a scroll of noise
 y - a scroll of blinking {unknown}
 A - 3 scrolls of teleportation
 E - a scroll of poison
 I - 2 scrolls of fog
 K - 2 scrolls of enchant weapon {unknown}
 S - 2 scrolls of brand weapon {unknown}
Potions
 d - 2 potions of attraction
 h - 5 potions of brilliance
 k - 4 potions of curing
 l - a potion of berserk rage {unknown}
 w - a potion of haste
 z - a potion of might
 F - 3 potions of flight
 H - a potion of invisibility {unknown}
 L - a potion of heal wounds {unknown}
 N - a potion of lignification


   Skills:
 - Level 10.0 Fighting
 - Level 11.2 Axes
 - Level 8.0 Armour
 - Level 5.0 Shields
 + Level 15.0 Invocations


You had 9 spell levels left.
You didn't know any spells.
Your spell library contained the following spells:

 Spells                   Type           Power      Damage    Failure   Level
 Necrotise                Necr           0%         1d4       45%         1
 Poisonous Vapours        Pois/Air       0%         N/A       58%         2
 Mephitic Cloud           Conj/Pois/Air  0%         N/A       83%         3
 Vampiric Draining        Necr           0%         2d6       83%         3
 Anguish                  Hex/Necr       0%         N/A       99%         4
 Cause Fear               Hex            0%         N/A       99%         4
 Agony                    Necr           0%         N/A       100%        5
 Freezing Cloud           Conj/Ice/Air   0%         6-21      100%        5
 Enfeeble                 Hex            0%         N/A       100%        7


Dungeon Overview and Level Annotations

Branches:
Dungeon (9/15)             Temple (0/1) D:6             Orc (1/2) D:9
 Bailey (visited)
   Lair: D:8-11

Altars:
Fedhas
Kikubaaqudgha
Nemelex Xobeh
Trog
Vehumet
Xom
Yredelemnul
The Shining One

Shops:
D:2 =   D:8 =*:

Annotations:
D:9 exclusion: oklob plant


Message History

The orc warrior looks as sick as possible!
The orc warrior is almost dead.
You kill the orc warrior!
Beogh accepts your kill.
Your orc looks more experienced. x2
You kill the warg!
Beogh accepts your kill.
Your orc looks more experienced. x2
You block the troll's attack. The troll closely misses you.
The troll claws you.
* * * LOW HITPOINT WARNING * * *
You block the orc warrior's attack.
The orc warrior unwields a +0 war axe.
The orc warrior wields a +0 arbalest.
The orc warrior shoots a bolt.
The bolt hits you!
* * * LOW HITPOINT WARNING * * *
Your orc hits the orc warrior with a +0 flail.
The orc warrior hits you from afar with a +0 halberd!
* * * LOW HITPOINT WARNING * * *
An orc warrior comes into view. It is wielding a +0 broad axe.
An orc comes into view. It is wielding a +0 dagger.
The orc sorcerer casts a spell at you. The bolt of fire misses you.
The orc knight roars a battlecry!
The orcs go into a battle-frenzy!
Your Invocations skill increases to level 15!
It was a potion of lignification.
You turn into a tree.
Your +0 helmet melds into your body.
Your +0 pair of gloves melds into your body.
Your +0 plate armour melds into your body.
Your roots penetrate the ground.
You feel strangely stable.
You impale the orc sorcerer!!
The orc sorcerer is poisoned.
The orc sorcerer is severely wounded.
The orc warrior completely misses you.
Your orc barely misses the orc warrior.
The orc throws a boomerang.
The boomerang hits your orc but does no damage.
The orc warrior hits you but does no damage.
You block the troll's attack. The troll claws you.
* * * LOW HITPOINT WARNING * * *
The troll claws you.
You die...

....#...#...
........o..
##.......... #
........o.. .
##.......... .
#...#o...... .
##.#.o.o.o...#
.
#$...♣T)......
.
##.#.))o#.#o.#
. #....ooo# .
#...#...... .
#...###..o...
. #... ..#.#.
##.# .###.. ##
## #)


You could see an orc knight (ally target), an orc high priest, a troll (ally
target), an orc sorcerer (strong, very poisoned), 4 orc warriors, 3 orcs and 2
friendly orcs.

Vanquished Creatures
  An orc warlord (Bailey)
  2 two-headed ogres (D:9)
  Psyche (D:9)
  A kobold demonologist (D:9)
  A troll (Orc:1)
  Grinder (D:4)
  Sigmund (D:5)
  A warg (Orc:1)
  2 water moccasins
  An ice beast (D:6)
  3 orc warriors
  A centaur (D:6)
  2 phantoms
  A kobold brigand (D:9)
  Blork the orc (D:6)
  3 bullfrogs
  3 scorpions
  4 wights
  12 killer bees
  A howler monkey (D:6)
  A jelly (D:4)
  2 orc priests
  A gnoll bouda (D:6)
  A hound (D:5)
  2 sleepcaps (D:6)
  Jessica (D:3)
  5 iguanas
  11 orc wizards
  Robin (D:3)
  9 adders
  2 gnolls (Bailey)
  A shadow imp (D:5)
  4 worms
  A dart slug (D:1)
  42 orcs
  6 ball pythons
  4 endoplasms
  3 giant cockroaches
  11 hobgoblins
  7 jackals
  21 kobolds
  3 quokkas
  6 bats
  5 frilled lizards
  17 goblins
  3 rats
213 creatures vanquished.

Vanquished Creatures (collateral kills)
  An orc warrior (Bailey)
  An orc priest (D:9)
  A hound (D:6)
  5 orcs (D:9)
  A goblin (Bailey)
  A kobold (Bailey)
10 creatures vanquished.

Vanquished Creatures (others)
  2 orc warriors
  A scorpion (D:6)
  2 orc priests
  16 orcs
21 creatures vanquished.

Grand Total: 244 creatures vanquished

Notes
Turn   | Place    | Note
-------+----------+-------------------------------------------
     0 | D:1      | AgateBread the Hill Orc Fighter began the quest for the
                  | Orb.
     0 | D:1      | Reached XP level 1. HP: 19/19 MP: 1/1
   125 | D:1      | Found a faded altar of an unknown god.
   162 | D:1      | Reached XP level 2. HP: 27/27 MP: 2/2
   815 | D:2      | Reached XP level 3. HP: 24/33 MP: 3/3
  1044 | D:2      | Found the +8 trident of the Octopus King {venom, rElec
                  | rPois}
  1425 | D:2      | Found Qyty's Jewellery Shop.
  1488 | D:3      | Reached XP level 4. HP: 40/40 MP: 4/4
  1489 | D:3      | Noticed Robin
  1506 | D:3      | Killed Robin
  1578 | D:3      | You fall into a shaft and drop 3 floors!
  1681 | D:6      | Became a worshipper of Beogh the Brigand
  1783 | D:6      | Noticed a scorpion
  1783 | D:6      | Noticed a scorpion
  1825 | D:6      | Reached XP level 5. HP: 16/47 MP: 5/5
  1954 | D:6      | Reached skill level 5 in Fighting
  1954 | D:6      | Reached XP level 6. HP: 49/56 MP: 6/6
  2231 | D:6      | Found a staircase to the Ecumenical Temple.
  2300 | D:6      | Reached skill level 5 in Axes
  2328 | D:6      | Reached skill level 5 in Armour
  2328 | D:6      | Reached skill level 5 in Shields
  2328 | D:6      | Reached XP level 7. HP: 60/62 MP: 7/7
  2462 | D:6      | Noticed Blork the orc
  2468 | D:6      | Killed Blork the orc
  2565 | D:6      | Reached * piety under Beogh
  2993 | D:5      | Entered Level 5 of the Dungeon
  3027 | D:5      | Noticed Sigmund
  3055 | D:5      | Killed Sigmund
  3056 | D:5      | Reached XP level 8. HP: 71/73 MP: 8/8
  3280 | D:5      | Found a large runed translucent door.
  3281 | D:5      | Found a large runed translucent door.
  3350 | D:5      | Found an ancient bone altar of Kikubaaqudgha.
  3367 | D:5      | Found a shimmering altar of Xom.
  3753 | D:4      | Noticed Grinder
  3756 | D:4      | Killed Grinder
  4057 | D:4      | Reached ** piety under Beogh
  4363 | D:3      | Noticed Jessica
  4367 | D:3      | Killed Jessica
  4926 | D:7      | Reached XP level 9. HP: 70/81 MP: 9/9
  5894 | D:8      | Found Roppuneo's Book Emporium.
  5902 | D:8      | Reached skill level 1 in Invocations
  5921 | D:8      | Found Riopeep's Jewellery Boutique.
  5975 | D:8      | Found a radiant altar of Vehumet.
  5992 | D:8      | Noticed a death knight
  6016 | D:8      | Found Haty's Assorted Antiques.
  6025 | D:8      | Reached skill level 2 in Invocations
  6103 | D:9      | Reached *** piety under Beogh
  6212 | D:9      | Noticed a two-headed ogre
  6218 | D:9      | Killed a two-headed ogre
  6219 | D:9      | Reached skill level 10 in Axes
  6219 | D:9      | Reached skill level 4 in Invocations
  6240 | D:9      | Found a bloodstained altar of Trog.
  6252 | D:9      | Identified a scroll of acquirement
  6252 | D:9      | Acquired a manual of Invocations
  6280 | D:9      | Found a flagged portal.
  6294 | Bailey   | Entered a bailey
  6344 | Bailey   | Noticed an orc warlord
  6404 | Bailey   | Reached skill level 10 in Fighting
  6413 | Bailey   | Reached skill level 5 in Invocations
  6413 | Bailey   | Reached XP level 10. HP: 71/93 MP: 13/13
  6774 | Bailey   | Found a runed translucent gate.
  6774 | Bailey   | Found a runed translucent gate.
  6790 | Bailey   | Found a runed translucent gate.
  7219 | Bailey   | Killed an orc warlord
  7220 | Bailey   | Reached skill level 8 in Invocations
  7319 | Bailey   | Acquired the ring "Suepp" {rC+ rN+ Dex+6 SInv}
  7445 | D:9      | Found a basalt altar of Yredelemnul.
  7450 | D:9      | Found a glowing golden altar of the Shining One.
  7452 | D:9      | Noticed an angel
  7461 | D:9      | Noticed a kobold demonologist
  7464 | D:9      | Noticed a smoke demon
  7470 | D:9      | Killed a kobold demonologist
  7471 | D:9      | Reached skill level 9 in Invocations
  7507 | D:9      | Noticed a two-headed ogre
  7526 | D:9      | Killed a two-headed ogre
  7527 | D:9      | Reached skill level 11 in Invocations
  7655 | D:9      | Found a sparkling altar of Nemelex Xobeh.
  7839 | D:9      | Found a staircase to the Orcish Mines.
  7852 | D:9      | Reached skill level 12 in Invocations
  8099 | D:9      | Noticed Psyche
  8101 | D:9      | Killed Psyche
  8102 | D:9      | Reached skill level 13 in Invocations
  8102 | D:9      | Found a blossoming altar of Fedhas.
  8139 | D:9      | Noticed an oklob plant
  8426 | Orc:1    | Entered Level 1 of the Orcish Mines
  8457 | Orc:1    | Reached skill level 14 in Invocations
  8461 | Orc:1    | Noticed an orc sorcerer
  8463 | Orc:1    | Noticed an orc knight
  8465 | Orc:1    | Noticed an orc high priest
  8469 | Orc:1    | HP: 3/93 [orc warrior/+0 halberd[an orc high priest] (9)]
  8470 | Orc:1    | Reached skill level 15 in Invocations
  8471 | Orc:1    | Slain by a troll

Illustrated notes

Levels and vault maps discovered:
D:1:      onia_arrival_mini_spirals, layout_rooms, basic_ecumenical_altar
D:2:      layout_loops_ring, serial_shops, nicolae_shop_gaudy_bauble
D:3:      layout_basic, grunt_ministairs_2, uniq_robin, uniq_jessica
D:4:      layout_basic, chequers_hall_statues_y, uniq_grinder
D:5:      layout_loops_ring, jmf_multi_god_temple2, uniq_sigmund
D:6:      layout_loops_corners, temple_green, minmay_joined_circles,
          uniq_blork_the_orc
D:7:      layout_layer_cave
D:8:      layout_rooms, lemuel_crystal_altar, general_overflow_altar,
          mainiacjoe_overflow_swirl, serial_shops, shop, shop, shop,
          nicolae_shop_statue_plus, shop, kennysheep_cross_room,
          dilly_guarded_unrand_morg
D:9:      layout_irregular_city, grunt_temple_overflow_holy_war, tgw_fedhas,
          marbit_many_paths, nemelex_spade_bored_becter, hiddenorc2_lemuel,
          enter_bailey_2, uniq_psyche
Orc:1:    layout_caves, gammafunk_ghost_wrathful_warriors,
          statue_in_the_mist_lemuel

Skill      XL: |  1  2  3  4  5  6  7  8  9 10 |
---------------+-------------------------------+-----
Axes           | 3 4 5 6 8 10 11 | 11.2
Fighting       | 4 5 7 8 10 | 10.0
Shields        | 4 5 |  5.0
Armour         | 4 5 6 7 8 |  8.0
Invocations    | 5 15 | 15.0

Action                     |  1- 3 |  4- 6 |  7- 9 | 10-12 || total
---------------------------+-------+-------+-------+-------++-------
  Melee: War axe           |    57 |       |       |       ||    57
         Trident           |    12 |    57 |   259 |    88 ||   416
  Throw: Dart              |       |       |     2 |       ||     2
         Boomerang         |       |       |     3 |    11 ||    14
 Invoke: Convert to Beogh  |       |     1 |       |       ||     1
         Smiting           |       |       |     1 |     8 ||     9
  Evoke: Wand              |       |     8 |     6 |       ||    14
    Use: Scroll            |       |     3 |    11 |     8 ||    22
         Potion            |       |     1 |     3 |     3 ||     7
 Armour: Scale mail        |    30 |    21 |    18 |       ||    69
         Chain mail        |       |       |   142 |     2 ||   144
         Plate armour      |       |       |       |    51 ||    51
         Skin              |       |       |       |     1 ||     1
  Dodge: Dodged            |    24 |    21 |   116 |    45 ||   206
  Block: Buckler           |    12 |    21 |    65 |    42 ||   140
